cohdb
Replays
Latest Replays
All Replays
Popular Replays
Top Player Replays
Match Explorer
How It Works
Community
CoH3 Stats
Reddit
Sign in to upload your games and track your stats! →
Sign in with Steam
Match 41810074
Unlisted
Match 41810074
Overview
Messages
Build Orders
End
Panzergrenadier Squad
Panzergrenadier Squad
250 Light Carrier
Construct Light Support Kompanie
Combat Half-tracks
Construct Mechanized Kompanie
Selects Armored Support Battlegroup
Selects Superior Fire Drills
Assault Mechanized Group
Veteran Squad Leaders
Vehicle Survival Package
Selects Salvage Kits
Construct Panzerarmee Kommand
Panzer III L Medium Tank
Emergency Repair Kits
Selects Panzer Storm
Panzer III L Medium Tank
banksss33
HulkSMASH
Hwarang
PlzForGiveMeZ
Warris LeMid
1Tap.com
0
0
Comments
sign in to comment!
No comments posted yet!